 Dungeon Crawl Stone Soup version 0.29-a0-857-g9b1aa3ac5b (webtiles) character file.

Game seed: 14959660916913521210

2 xian the Charlatan (level 1, 0/13 (16) HPs)
             Began as a Draconian Artificer on July 16, 2022.
             Slain by a gnoll
             ... wielding a +0 flail
              (1 damage)
             ... on level 1 of the Dungeon.
             The game lasted 00:00:55 (125 turns).

xian the Charlatan (Draconian Artificer)             Turns: 125, Time: 00:00:56

HP:   0/13 (16)     AC:  4    Str: 14    XL:     1   Next: 33%
MP:   1/1           EV: 12    Int: 11    God:
Gold: 18            SH:  0    Dex: 11    Spells: 0/0 levels left

rFire   + . .      SeeInvis .   e - +2 dagger (drain)
rCold   + . .      Faith    .   (no shield)
rNeg    . . .      Spirit   .   (body armour unavailable)
rPois   .          Reflect  .   (helmet restricted)
rElec   .          Harm     .   a - scarf {rC+ rF+}
rCorr   .          Rampage  .   (no gloves)
Will    .....                   (no boots)
Stlth   +.........              (no amulet)
HPRegen 0.04/turn               (no ring)
MPRegen 0.07/turn               (no ring)

@: heavily drained
A: AC +4, unfitting armour, cold-blooded
a: no special abilities


You were on level 1 of the Dungeon.
You visited 1 branch of the dungeon, and saw 1 of its levels.

You collected 18 gold pieces.

Inventory:

Hand Weapons
 e - a +2 dagger of draining (weapon)
Armour
 a - a scarf of resistance (worn)
Wands
 b - a wand of flame (14) (quivered)
 c - a wand of charming (15)
 d - a wand of iceblast (9)


   Skills:
 + Level 1.1 Fighting
 + Level 2.1 Dodging
 + Level 0.8 Stealth
 + Level 3.2 Evocations


You couldn't memorise any spells.
You didn't know any spells.
Your spell library was empty.

Dungeon Overview and Level Annotations

Branches:
Dungeon (1/15)

Altars:


Innate Abilities, Weirdness & Mutations

Your plain brown scales are hard. (AC +4)
You cannot fit into any form of body armour.
You are cold-blooded and may be slowed by cold attacks.


Message History

You sense an unholy aura.
e - a +2 dagger of draining (weapon)
You drop a +0 club.
Really walk into a travel-excluded area?
Okay, then.
Really walk into a travel-excluded area?
You see here a scarf of resistance.
a - a scarf of resistance
Found an escape hatch in the floor.
You start putting on your armour.
You continue putting on your scarf of resistance. x4
You finish putting on your scarf of resistance.
You feel resistant to extremes of temperature.
Found 18 gold pieces.
A ball python is nearby!
The ball python hisses angrily.
You hit the ball python.
You kill the ball python!
You now have 18 gold pieces.
HP restored.
Found a stone staircase leading down.
There is a stone staircase leading down here.
A rat and a gnoll come into view.
The gnoll shouts!
You barely miss the rat. The rat barely misses you.
You barely miss the rat.
A rat comes into view.
The rat barely misses you.
You hit the rat. You drain the rat.
You kill the rat!
You barely miss the gnoll. The gnoll misses you.
You hit the gnoll.
The gnoll is moderately wounded.
The gnoll hits you with a +0 flail!
Ouch! That really hurt!
* * * LOW HITPOINT WARNING * * *
You hit the gnoll.
The gnoll is heavily wounded.
The gnoll hits you with a +0 flail.
You die...

#########
#.......#
#.#####.#
##.####.#####.#
.r...........>#
##.####g##..#.#
#@##..#.#
#.##..#.#
..##..#.#
#####..#.#
....## #..#.#
..... #..#.#
.... #....#
#... #..###
#... #..#####


You could see a gnoll.

Vanquished Creatures
  A goblin (D:1)
  A ball python (D:1)
  A rat (D:1)
3 creatures vanquished.

Notes
Turn   | Place    | Note
-------+----------+-------------------------------------------
     0 | D:1      | xian the Draconian Artificer began the quest for the Orb.
     0 | D:1      | Reached XP level 1. HP: 16/16 MP: 1/1
   125 | D:1      | Slain by a gnoll

Illustrated notes

Levels and vault maps discovered:
D:1:      shiori_arrival_oz, layout_basic, ebering_ecumenical_altar_sacrificial

Action                   || total
-------------------------++-------
Melee: Dagger            ||     7
Evoke: Wand              ||     1
Armor: Skin              ||     2
Dodge: Dodged            ||     3

Table legend: (Time is in decaauts)
 A = Elapsed time spent in this place.
 B = Non-inter-level travel time spent in this place.
 C = Inter-level travel time spent in this place.
 D = Time resting spent in this place.
 E = Time spent auto-exploring this place.
 F = Levels seen in this place.
 G = Mean time per level.
                   A        B        C        D        E       F      G
               +--------+--------+--------+--------+--------+-----+--------+
         Total |    124 |    124 |      0 |      0 |     47 |   1 |  124.0 |
       Dungeon |    124 |    124 |      0 |      0 |     47 |   1 |  124.0 |
               +--------+--------+--------+--------+--------+-----+--------+

Top non-repeatable levels by time:
     D:1: 124 daAuts
